 Dungeon Crawl Stone Soup version 0.27.1-33-g824d729ab1 (webtiles) character file.

Game seed: 11590493585014994255

375 CrazyMind the Slasher (level 7, -5/73 HPs)
             Began as a Djinni Gladiator on Nov 25, 2021.
             Killed by divine providence
             ... invoked by an orc priest
              (13 damage)
             ... on level 4 of the Dungeon.
             The game lasted 00:14:13 (4613 turns).

CrazyMind the Slasher (Djinni Gladiator)            Turns: 4613, Time: 00:14:14

Health: -5/73      AC: 23    Str: 15    XL:     7   Next: 3%
Gold:   139        EV:  2    Int: 10    God:
                   SH:  0    Dex: 14

rFire    . . .     SeeInvis .   a - +0 long sword
rCold    . . .     Faith    .   (no shield)
rNeg     + + +     Spirit   .   (armour currently unavailable)
rPois    ∞         Reflect  .   (helmet currently unavailable)
rElec    .         Harm     .   (cloak currently unavailable)
rCorr    .         Rampage  .   (gloves currently unavailable)
Will     .....     NoTele   +   (boots unavailable)
Stlth    +.........             (no amulet)
HPRegen  0.22/turn              (no ring)
MPRegen  0.00/turn              (no ring)

@: tree-form
A: stationary, stasis, torment immunity, boosted hp, sickness immunity, (fire
resistance 2), (cold vulnerability 1), float, innate caster, hp casting, extra
vitality 1
a: no special abilities


You were on level 4 of the Dungeon.
You were a tree.
You visited 1 branch of the dungeon, and saw 4 of its levels.

You collected 139 gold pieces.

Inventory:

Hand Weapons
 a - a +0 long sword (weapon)
 q - a +0 dagger of electrocution
Missiles
 d - 3 throwing nets
 g - 33 poisoned darts
 i - 92 stones
 r - 4 atropa-tipped darts (quivered)
 t - 22 sling bullets
Armour
 b - a +0 leather armour
 c - a +0 helmet (melded)
 s - a +0 scale mail
 w - a +3 ring mail of positive energy (melded)
Jewellery
 j - a ring of fire
Wands
 u - a wand of flame (9)
Scrolls
 f - a scroll of vulnerability {unknown}
 k - a scroll of identify {unknown}
 l - a scroll of enchant weapon {unknown}
 n - a scroll of enchant armour {unknown}
 x - a scroll of immolation {unknown}
 y - a scroll of teleportation {unknown}
Potions
 e - 2 potions of curing
 h - a potion of degeneration {unknown}
 m - a potion of resistance {unknown}
 o - a potion of attraction {unknown}
 p - a potion of ambrosia {unknown}
 v - a potion of lignification


   Skills:
 + Level 2.9 Fighting
 + Level 5.0 Long Blades
 + Level 2.2 Throwing
 + Level 2.3 Armour
 + Level 4.3 Dodging


You couldn't memorise any spells.
You knew the following spells:

 Your Spells              Type           Power      Damage    Failure   Level
a - Freeze                Ice            0%         1d3       36%         1
b - Slow                  Hex            0%         N/A       50%         2
c - Swiftness             Air            0%         N/A       75%         3
Your spell library was empty.

Dungeon Overview and Level Annotations

Branches:
Dungeon (4/15)
 Temple: D:4-7

Altars:
Xom

Shops:
D:2 (


Innate Abilities, Weirdness & Mutations

You are a tree.
Your roots penetrate the ground, keeping you stationary.
You cannot be teleported.
You are immune to unholy pain and torment.
Your maximum health is greatly increased.
Your equipment is partially melded.
You are immune to sickness and miasma.
You are immune to poison.
((Your flesh is very heat resistant. (rF++)))
((You are vulnerable to cold. (rC-)))
You float through the air rather than walking.
You learn spells naturally, not from books.
Your magical power is your life essence.
You have superior vitality. (+4 HP)


Message History

The orc priest calls upon Beogh to heal the orc priest.
The orc priest's wounds heal themselves!
You hit the orc priest.
The orc priest is heavily wounded.
The orc priest hits you with a +0 club.
* * * LOW HITPOINT WARNING * * *
The orc priest hits you with a +0 trident.
* * * LOW HITPOINT WARNING * * *
You hit the orc priest.
The orc priest is almost dead.
The orc priest completely misses you.
You riposte.
You slash the orc priest!
The orc priest is heavily wounded.
The orc priest begins to cast a cantrip, but forgets the words!
You hit the orc priest.
The orc priest is almost dead.
The orc priest hits you with a +0 club.
* * * LOW HITPOINT WARNING * * *
The orc priest calls upon Beogh to heal the orc priest.
The orc priest is healed somewhat.
You completely miss the orc priest.
The orc priest is almost dead.
The orc priest hits you but does no damage.
The orc priest mumbles some strange prayers to Beogh against you.
Beogh smites you!
* * * LOW HITPOINT WARNING * * *
You feel better.
The orc priest hits you but does no damage.
The orc priest looks encouraged for a moment.
Okay, then.
Unknown command.
Throw: 5 darts (atropa)
Press: ? - help, Q - select action, (/) - cycle Shift-Dir - straight line, f - orc priest
Aim: an orc priest, wielding a +0 club (lightly wounded, 60% to hit, chance to blind on hit: 83%)
You throw an atropa-tipped dart.
The atropa-tipped dart hits the orc priest.
The orc priest resists.
The orc priest is lightly wounded.
The orc priest mumbles some strange prayers to Beogh against you.
Beogh smites you!
You die...

#.# #.#
#......###
#### #.# #.#
#####....†
...# ##.###.##
#.#### ##.#
#.......# #.#
######..###..#
#.#
.............#
#.# ....
#####.#.####.#
#.# ....
...#.#### #.#
... ....#..♣o#
#.# #
##.######o#
#.# .. #.o.o#
.# #.#... #
..... .######
##


You could see 2 orc priests and an orc.

Vanquished Creatures
  A hound (D:4)
  A jelly (D:4)
  A bullfrog skeleton (D:4)
  Ijyb (D:4)
  A scorpion zombie (D:3)
  3 hound skeletons
  4 gnolls
  7 adders
  An ufetubus (D:4)
  An adder skeleton (D:3)
  An adder zombie (D:3)
  6 worms
  A dart slug (D:1)
  3 orcs (D:4)
  5 endoplasms
  3 giant cockroaches
  7 goblins
  8 hobgoblins
  6 jackals
  3 ball pythons
  A ball python skeleton (D:3)
  7 bats
  5 frilled lizards
  2 kobolds
  2 rats (D:1)
81 creatures vanquished.

Vanquished Creatures (others)
  4 withered plants (D:3)
4 creatures vanquished.

Grand Total: 85 creatures vanquished

Notes
Turn   | Place    | Note
-------+----------+-------------------------------------------
     0 | D:1      | CrazyMind the Djinni Gladiator began the quest for the Orb.
     0 | D:1      | Reached XP level 1. HP: 18/18 MP: 0/0
   406 | D:1      | Reached XP level 2. HP: 23/23 MP: 0/0
   607 | D:1      | Reached XP level 3. HP: 26/28 MP: 0/0
   607 | D:1      | Learned a level 1 spell: Freeze
   790 | D:1      | Reached skill level 3 in Long Blades
   798 | D:1      | Found a faded altar of an unknown god.
  1165 | D:2      | Found a shimmering altar of Xom.
  1287 | D:2      | Reached XP level 4. HP: 31/33 MP: 0/0
  1916 | D:2      | Found Syamy's Weapon Emporium.
  2433 | D:3      | Reached XP level 5. HP: 39/39 MP: 0/0
  2433 | D:3      | Learned a level 2 spell: Slow
  2452 | D:3      | Reached skill level 1 in Armour
  2533 | D:3      | Reached skill level 4 in Long Blades
  2879 | D:3      | Reached XP level 6. HP: 30/45 MP: 0/0
  3926 | D:4      | Noticed Ijyb
  3943 | D:4      | Killed Ijyb
  4513 | D:4      | Reached XP level 7. HP: 44/49 MP: 0/0
  4513 | D:4      | Learned a level 3 spell: Swiftness
  4560 | D:4      | Reached skill level 5 in Long Blades
  4611 | D:4      | HP: 1/73 [orc priest/divine providence (9)]
  4613 | D:4      | Killed from afar by an orc priest

Illustrated notes

Levels and vault maps discovered:
D:1:      minmay_arrival_widening_spiral_narrow, layout_basic,
          shapermc_ecumenical_altar_mp_highgroup
D:2:      layout_loops_ring, basic_altar, serial_aquarium,
          aquarium_bridge_long_joined [aquarium_subvault_window,
          aquarium_subvault_window, aquarium_subvault_bridge,
          aquarium_subvault_wall, aquarium_subvault_wall,
          aquarium_subvault_bridge], aquarium_window_corridor_1,
          aquarium_window_corner, aquarium_window_2, aquarium_window_corner,
          aquarium_view_2e, aquarium_view_2a, aquarium_pool_2, serial_shops,
          nicolae_shop_stone, chequers_jeans, chequers_serial_rivers_micro_a,
          grunt_decor_cap
D:3:      layout_loops_ring, serial_undead, serial_undead_f, serial_undead_a,
          serial_undead_c, serial_undead_a, serial_undead_a, serial_undead_f
D:4:      layout_loops_ring, uniq_ijyb

Skill      XL: |  1  2  3  4  5  6  7 |
---------------+----------------------+-----
Dodging        | 4 |  4.3
Long Blades    | 3 4 5 |  5.0
Throwing       | 2 |  2.2
Armour         | 1 2 |  2.3
Fighting       | |  2.9

Action                   |  1- 3 |  4- 6 |  7- 9 || total
-------------------------+-------+-------+-------++-------
Melee: Long sword        |    65 |   209 |    19 ||   293
Throw: Stone             |    24 |    58 |       ||    82
       Dart              |     1 |     3 |     1 ||     5
  Use: Potion            |       |       |     3 ||     3
 Stab: Sleeping          |     1 |       |       ||     1
Armor: Leather armour    |    14 |       |       ||    14
       Ring mail         |     2 |    74 |     4 ||    80
       Skin              |       |       |     9 ||     9
Dodge: Dodged            |    42 |   133 |    12 ||   187
       Rpst.: Long sword |    17 |    42 |     6 ||    65
